 Dungeon Crawl Stone Soup version 0.31-a0-4-gefa6de2278 (webtiles) character file.

Game seed: 1044092165703188708

6721 Zonian the Grappler (level 11, -9/63 HPs)
             Began as a Vine Stalker Gladiator on May 5, 2023.
             Was a Believer of Ashenzari.
             Mangled by a komodo dragon (25 damage)
             ... on level 1 of the Lair of Beasts.
             The game lasted 00:23:13 (7877 turns).

Zonian the Grappler (Vine Stalker Gladiator)        Turns: 7877, Time: 00:23:14

Health: -9/63      AC:  9    Str: 26    XL:     11   Next: 4%
Magic:  0/12       EV: 13    Int: 11    God:    Ashenzari [**....]
Gold:   345        SH:  5    Dex: 17    Spells: 10/10 levels left

rFire   . .          .
                       - Unarmed
rCold   . . .        H - +0 buckler
rNeg    . . .        a - +0 leather armour of the Eye in the Sky {Elem, Bglg} (curse)
rPois   .            j - +2 helmet "Chained Together" {Int+3, Alch, Self} (curse)
rElec   .            v - +1 cloak {rCorr}
rCorr   +            f - +0 pair of gloves of the Bound Sky {Range, Cun} (curse)
SInv    +            (no boots)
Will    +....        (no amulet)
Stlth   ++++         m - +6 ring of strength
HPRegen 1.10/turn    (no ring)
MPRegen 0.13/turn

%: guardian spirit
@: no status effects
A: fangs 3, regeneration 1, magic shield, antimagic bite, no potion heal 2
a: Renounce Religion, Shatter the Chains


You were on level 1 of the Lair of Beasts.
You worshipped Ashenzari.
Ashenzari was pleased with you.
You visited 3 branches of the dungeon, and saw 10 of its levels.
You also visited: Sewer.

You collected 499 gold pieces.
You spent 154 gold pieces at shops.

Inventory:

Hand Weapons
 n - a +2 dagger of draining
 A - a +0 rapier of protection
 N - the +5 trident of Defenestration {pain, Str+5 Int+7}
   (You found it on level 8 of the Dungeon)

   Str:       It affects your strength (+5).
   Int:       It affects your intelligence (+7).
Missiles
 d - a javelin (quivered)
 l - 3 poisoned darts
 x - 5 boomerangs
Armour
 a - the cursed +0 leather armour of the Eye in the Sky (worn) {Elem, Bglg}

   It has a curse which improves the following skills: Elements: Fire Magic, Ice
   Magic, Air Magic and Earth Magic.
   Beguiling: Conjurations, Hexes and Translocations.
 f - the cursed +0 pair of gloves of the Bound Sky (worn) {Range, Cun}
   (You found it on level 1 of the Dungeon)

   It has a curse which improves the following skills: Ranged Combat: Ranged
   Weapons and Throwing.
   Cunning:   Dodging and Stealth.
 j - the cursed +2 helmet "Chained Together" (worn) {Int+3, Alch, Self}
   (You found it on level 6 of the Dungeon)

   It has a curse which improves the following skills: Alchemy: Poison Magic and
   Transmutations.
   Introspection: Fighting and Spellcasting.
 k - a +0 scale mail
 r - an orb of light
 u - a +0 helmet
 v - a +1 cloak of preservation (worn)
 D - a +0 scale mail
 F - a +0 pair of boots
 H - a +0 buckler (worn)
 L - +0 steam dragon scales
Jewellery
 b - a +6 ring of strength
 m - a +6 ring of strength (left hand)
 o - a ring of poison resistance
Wands
 C - a wand of charming (13)
 E - a wand of flame (18)
 M - a wand of digging (6)
Scrolls
 h - 2 scrolls of magic mapping
 i - 3 scrolls of fog
 q - 2 scrolls of immolation
 y - 3 scrolls of blinking
 G - a scroll of amnesia
 K - 3 scrolls of enchant weapon
Potions
 c - a potion of cancellation
 e - a potion of heal wounds
 g - 4 potions of flight
 p - 5 potions of curing
 s - 2 potions of haste
 t - 3 potions of mutation
 w - a potion of might
 z - a potion of berserk rage
 B - a potion of ambrosia
 I - 2 potions of brilliance
 J - a potion of invisibility


   Skills:
 + Level 9.0(10.1) Fighting
 - Level 3.0(4.0) Throwing
 - Level 3.2(4.2) Dodging
 - Level 9.4(10.6) Stealth
 - Level 4.0 Shields
 + Level 10.2 Unarmed Combat


You had 10 spell levels left.
You didn't know any spells.
Your spell library contained the following spells:

 Spells                   Type           Power      Damage    Failure   Level
 Apportation              Tloc           0%         N/A       43%         1
 Cigotuvi's Dreadful Rot  Necr/Pois/Air  0%         N/A       56%         2
 Static Discharge         Conj/Air       0%         2-2/arc   56%         2
 Dazzling Flash           Conj/Hex       0%         N/A       80%         3
 Volatile Blastmotes      Fire/Tloc      0%         2d10      80%         3
 Airstrike                Air            0%         2d(0-16)  99%         4
 Dispel Undead            Necr           0%         3d6       99%         4
 Iskenderun's Mystic Bla  Conj/Tloc      0%         2d3       99%         4
 Summon Lightning Spire   Summ/Air       0%         N/A       99%         4
 Alistair's Intoxication  Tmut/Pois      0%         N/A       100%        5
 Death Channel            Necr           0%         N/A       100%        6
 Starburst                Conj/Fire      0%         6d3       100%        6


Dungeon Overview and Level Annotations

Branches:
Dungeon (8/15)             Temple (1/1) D:6            Lair (1/5) D:8
  Sewer (visited)

Altars:
Ashenzari
Cheibriados
Dithmenos
Elyvilon
Fedhas
Gozag
Hepliaklqana
Kikubaaqudgha
Makhleb
Okawaru
Qazlal
Ru
Sif Muna
Uskayaw
Vehumet
Wu Jian
Xom
Yredelemnul
Zin
The Shining One

Shops:
D:6 ==!


Innate Abilities, Weirdness & Mutations

You have razor-sharp teeth.
Your natural rate of healing is unusually fast.
When hurt, damage is shared between your health and your magic reserves.
Your bite disrupts and absorbs the magic of your enemies.
Potions cannot restore your health.


Message History

The bullfrog barely misses you.
You punch the bullfrog!
You kill the bullfrog!
Your base Fighting skill increases to level 9!
HP restored.
Magic restored.
A komodo dragon comes into view.
The komodo dragon moves out of view.
Unknown command.
The komodo dragon hisses angrily.
The komodo dragon bites you!!
You closely miss the komodo dragon. You bite the komodo dragon!
You drain its power.
You feel invigorated.
The komodo dragon is moderately wounded.
The komodo dragon barely misses you.
You hit the komodo dragon but do no damage.
You bite the komodo dragon, but do no damage.
The komodo dragon is moderately wounded.
The komodo dragon bites you.
You barely miss the komodo dragon.
You bite the komodo dragon, but do no damage.
The komodo dragon is moderately wounded.
The komodo dragon barely misses you.
You pummel the komodo dragon!!
The komodo dragon is severely wounded.
The komodo dragon barely misses you.
You hit the komodo dragon but do no damage.
The komodo dragon is severely wounded.
You hit the komodo dragon but do no damage.
The komodo dragon is severely wounded.
The komodo dragon bites you!!
You hit the komodo dragon but do no damage.
Your bite misses the komodo dragon.
The komodo dragon is severely wounded.
The komodo dragon bites you!
* * * LOW HITPOINT WARNING * * *
You punch the komodo dragon! Your bite misses the komodo dragon.
The komodo dragon is almost dead.
The komodo dragon bites you!!
You die...

##.....≈≈~...♣♣≈....#
P!.
#.......♣≈≈♣~~~......#
.$
##.......~............
*
#....................#
*
#....................#
#....................P
#.................... *
#....................
#............@l......
###.........##.........
**
#...........####.##....
###.........## ## ### ,
#...........#### ,
##..............##
#................# *
##..............## , ,
#...............# ,,


You could see a komodo dragon.

Vanquished Creatures
  6 elephants (Lair:1)
  A basilisk (Lair:1)
  5 yaks (Lair:1)
  A steam dragon (D:8)
  Menkaure (D:7)
  Duvessa (D:5)
  6 water moccasins
  3 ice beasts
  2 sky beasts (D:8)
  2 black bears
  An ogre (D:4)
  2 phantoms
  9 bullfrogs
  5 scorpions
  Dowan (D:6)
  An electric eel (Lair:1)
  6 howler monkeys
  A hound (D:4)
  A jelly (D:2)
  An orc priest (D:3)
  A sleepcap (D:6)
  5 iguanas
  5 orc wizards
  7 gnolls
  10 adders
  A river rat (Sewer)
  2 white imps
  2 ufetubi
  A worm (D:3)
  3 dart slugs
  30 orcs
  9 ball pythons
  16 endoplasms
  7 giant cockroaches
  7 goblins
  9 hobgoblins
  4 jackals (D:1)
  8 quokkas
  14 bats
  4 frilled lizards (Sewer)
  6 kobolds
  15 rats
222 creatures vanquished.

Vanquished Creatures (collateral kills)
  A hornet (D:6)
1 creature vanquished.

Vanquished Creatures (others)
  A howler monkey (D:7)
  An orc (D:6)
  48 fungi (D:8)
  55 plants
105 creatures vanquished.

Grand Total: 328 creatures vanquished

Notes
Turn   | Place    | Note
-------+----------+-------------------------------------------
     0 | D:1      | Zonian the Vine Stalker Gladiator began the quest for the
                  | Orb.
     0 | D:1      | Reached XP level 1. HP: 11/11 MP: 2/2
   116 | D:1      | Reached XP level 2. HP: 14/15 MP: 1/3
   380 | D:1      | Found a faded altar of an unknown god.
   447 | D:1      | Reached XP level 3. HP: 18/18 MP: 4/4
  1095 | D:2      | Gained mutation: Your natural rate of healing is unusually
                  | fast. [Vine Stalker growth]
  1095 | D:2      | Reached XP level 4. HP: 18/23 MP: 2/5
  1520 | D:2      | Reached XP level 5. HP: 16/27 MP: 2/6
  1967 | D:3      | Reached skill level 4 in Unarmed Combat
  1973 | D:3      | Reached skill level 1 in Stealth
  2237 | D:3      | Found a glowing drain.
  2258 | D:3      | Reached XP level 6. HP: 32/32 MP: 7/7
  2262 | Sewer    | Entered a sewer
  3198 | D:4      | Reached XP level 7. HP: 33/37 MP: 8/8
  3213 | D:4      | Reached skill level 5 in Unarmed Combat
  3664 | D:5      | Entered Level 5 of the Dungeon
  3846 | D:5      | Gained mutation: You have razor-sharp teeth. [Vine Stalker
                  | growth]
  3846 | D:5      | Reached XP level 8. HP: 42/42 MP: 9/9
  4090 | D:5      | Reached skill level 5 in Stealth
  4287 | D:6      | Found Nuffuyn's Distillery.
  4299 | D:6      | Bought a potion of invisibility for 112 gold pieces
  4299 | D:6      | Bought a potion of curing for 42 gold pieces
  4605 | D:6      | Reached skill level 6 in Unarmed Combat
  4607 | D:6      | Noticed a hornet
  4921 | D:6      | Reached skill level 5 in Fighting
  5014 | D:6      | Noticed Duvessa
  5036 | D:6      | Noticed Dowan
  5060 | D:6      | Killed a hornet
  5065 | D:6      | Killed Dowan
  5130 | D:5      | Killed Duvessa
  5493 | D:6      | Found a staircase to the Ecumenical Temple.
  5505 | Temple   | Entered the Ecumenical Temple
  5552 | Temple   | Became a worshipper of Ashenzari the Shackled
  5578 | D:6      | Found Ohuyroid's Jewellery Shop.
  5821 | D:6      | Found a glowing silver altar of Zin.
  5892 | D:6      | Found Mieniv's Jewellery Emporium.
  5941 | D:6      | Reached skill level 7 in Unarmed Combat
  5941 | D:6      | Reached XP level 9. HP: 48/48 MP: 10/10
  6302 | D:7      | Noticed Menkaure
  6316 | D:7      | Killed Menkaure
  6729 | D:8      | Reached skill level 8 in Unarmed Combat
  6867 | D:8      | Identified the +5 trident of Defenestration {pain, Str+5
                  | Int+7}
  6910 | D:8      | Reached * piety under Ashenzari
  7064 | D:8      | Reached XP level 10. HP: 47/56 MP: 11/11
  7090 | D:8      | Found a staircase to the Lair.
  7127 | D:8      | Reached skill level 1 in Shields
  7413 | Lair:1   | Entered Level 1 of the Lair of Beasts
  7417 | Lair:1   | Noticed a cane toad
  7482 | Lair:1   | Reached ** piety under Ashenzari
  7573 | Lair:1   | Noticed an elephant
  7603 | Lair:1   | Noticed an elephant
  7603 | Lair:1   | Noticed an elephant
  7604 | Lair:1   | Noticed an elephant
  7604 | Lair:1   | Noticed an elephant
  7642 | Lair:1   | Reached skill level 9 in Unarmed Combat
  7679 | Lair:1   | Noticed an elephant
  7714 | Lair:1   | Killed an elephant
  7720 | Lair:1   | Killed an elephant
  7725 | Lair:1   | Killed an elephant
  7733 | Lair:1   | Killed an elephant
  7744 | Lair:1   | Killed an elephant
  7751 | Lair:1   | Killed an elephant
  7752 | Lair:1   | Reached skill level 10 in Unarmed Combat
  7831 | Lair:1   | Reached XP level 11. HP: 57/63 MP: 9/12
  7877 | Lair:1   | Mangled by a komodo dragon

Illustrated notes

Levels and vault maps discovered:
D:1:      psy_arrival_fountain, layout_loops_ring,
          hellmonk_ecumenical_altar_arch_garden, minmay_heptomino_o4
D:2:      layout_loops_ring
D:3:      layout_loops_corners, gup_sewer_entry_pipe
D:4:      layout_rooms
D:5:      nicolae_cairo_tiling_large_dashed, layout_basic,
          nicolae_figureground_pulse
D:6:      layout_basic, zin_statuary, minmay_temple_entry_mini_moons,
          serial_shops, shop, kennysheep_mini, shop, grunt_ministairs_14,
          uniq_duvessa
D:7:      layout_loops_ring, kennysheep_potato, uniq_menkaure
D:8:      layout_loops_cross, due_lair_maze_entry_diamond, serial_park_tiny_pond
Temple:   nicolae_temple_bog_church
Lair:1:   gammafunk_worm_tunnel, layout_cave_pods, nicolae_lair_grazing_beasts
          [nicolae_sub_lair_graze_edge, nicolae_sub_lair_graze_edge,
          nicolae_sub_lair_graze_edge, nicolae_sub_lair_graze_edge],
          lemuel_fruit_fields

Skill      XL: |  1  2  3  4  5  6  7  8  9 10 11 |
---------------+----------------------------------+-----
Fighting       | 2 3 4 5 7 8 9 |  9.0
Throwing       | 2 3 |  3.0
Dodging        | 3 |  3.2
Unarmed Combat | 4 5 7 8 10 | 10.2
Stealth        | 1 3 4 7 9 |  9.4
Shields        | 4 |  4.0

Action                     |  1- 3 |  4- 6 |  7- 9 | 10-12 || total
---------------------------+-------+-------+-------+-------++-------
  Melee: Unarmed           |   117 |   221 |   260 |   131 ||   729
         Bite              |    25 |    57 |    95 |    52 ||   229
         Punch             |     1 |     1 |     3 |       ||     5
  Throw: Dart              |     4 |     2 |     9 |     1 ||    16
         Throwing net      |     1 |       |     2 |       ||     3
 Invoke: Curse Item        |       |       |     2 |     1 ||     3
  Evoke: Wand              |       |       |    13 |     4 ||    17
    Use: Scroll            |       |     4 |    11 |       ||    15
         Potion            |       |       |     1 |     1 ||     2
   Stab: Sleeping          |       |     1 |     7 |     2 ||    10
         Held in net/web   |       |       |     5 |       ||     5
         Distracted        |       |       |     1 |     1 ||     2
 Armour: Leather armour    |    46 |    59 |    63 |    36 ||   204
  Dodge: Dodged            |    82 |   129 |   120 |    64 ||   395
  Block: Buckler           |       |       |    12 |    19 ||    31

Table legend: (Time is in decaauts)
 A = Elapsed time spent in this place.
 B = Non-inter-level travel time spent in this place.
 C = Inter-level travel time spent in this place.
 D = Time resting spent in this place.
 E = Time spent auto-exploring this place.
 F = Levels seen in this place.
 G = Mean time per level.
                   A        B        C        D        E       F      G
               +--------+--------+--------+--------+--------+-----+--------+
         Total |   7883 |   7560 |    323 |   1079 |   4361 |  11 |  716.6 |
       Dungeon |   7010 |   6706 |    304 |   1042 |   3963 |   8 |  876.2 |
        Temple |     66 |     48 |     18 |      0 |     26 |   1 |   66.0 |
          Lair |    456 |    456 |      0 |     37 |    158 |   1 |  456.0 |
         Sewer |    349 |    349 |      0 |      0 |    213 |   1 |  349.0 |
               +--------+--------+--------+--------+--------+-----+--------+

Top non-repeatable levels by time:
     D:5: 1497 daAuts
     D:1: 1077 daAuts
     D:3: 935 daAuts
     D:2: 812 daAuts
     D:8: 773 daAuts
     D:6: 745 daAuts
     D:7: 645 daAuts
     D:4: 522 daAuts
  Lair:1: 456 daAuts
   Sewer: 349 daAuts
  Temple: 66 daAuts
